 Dungeon Crawl Stone Soup version 0.29.1-14-g9c671dbff4 (webtiles) character file.

Game seed: 11852810859448974002

5 croobank the Sneak (level 1, 0/16 HPs)
             Began as an Octopode Delver on Feb 14, 2023.
             Killed from afar by an orc wizard (7 damage)
             ... with a puff of flame
             ... on level 4 of the Dungeon.
             The game lasted 00:01:49 (312 turns).

croobank the Sneak (Octopode Delver)                 Turns: 312, Time: 00:01:49

Health: 0/16       AC:  1    Str: 11    XL:     1   Next: 80%
Magic:  1/1        EV: 13    Int: 12    God:
Gold:   0          SH:  0    Dex: 13    Spells: 0/0 levels left

rFire   . . .      SeeInvis .   a - +0 hand axe
rCold   . . .      Faith    .   (no shield)
rNeg    . . .      Spirit   .   (helmet restricted)
rPois   .          Reflect  .   (no amulet)
rElec   .          Harm     .   (no ring)
rCorr   .          Rampage  .   (no ring)
Will    .....                   (no ring)
Stlth   ++++......              (no ring)
HPRegen 0.05/turn               (no ring)
MPRegen 0.07/turn               (no ring)
                                (no ring)
                                (no ring)

@: hasted, very quick
A: almost no armour, amphibious, 8 rings, camouflage 1, gelatinous body 1,
(nimble swimmer 1), tentacles
a: no special abilities


You were on level 4 of the Dungeon.
You visited 1 branch of the dungeon, and saw 3 of its levels.

Inventory:

Hand Weapons
 a - a +0 hand axe (weapon)
Wands
 f - a wand of digging (3)
Scrolls
 b - a scroll of fog
 c - a scroll of teleportation {unknown}
Potions
 e - a potion of haste


   Skills:
 + Level 3.1 Fighting
 + Level 2.1 Axes
 + Level 2.1 Dodging
 + Level 6.7 Stealth


You couldn't memorise any spells.
You didn't know any spells.
Your spell library was empty.

Dungeon Overview and Level Annotations

Branches:
Dungeon (6/15)             Temple (0/1) D:5

Altars:


Innate Abilities, Weirdness & Mutations

You cannot wear most types of armour.
You are amphibious.
You can wear up to eight rings at the same time.
Your skin changes colour to match your surroundings (Stealth+).
Your rubbery body absorbs attacks. (AC +1, EV +1)
((You are camouflaged when in or above water. (Stealth+)))
You have tentacles for arms and can constrict up to eight enemies at once.


Message History

A quokka comes into view.
Found a pair of gloves.
Okay, then.
Okay, then.
A hobgoblin comes into view.
The adder bites you. The adder completely misses you. The adder bites you.
You are poisoned.
The adder poisons you!
There are monsters nearby!
As you read the scroll of fear, it crumbles to dust.
You assume a fearsome visage.
The adder looks frightened!
The quokka looks frightened!
You feel sick.
You feel sick.
You feel sick.
You feel sick.
You feel sick.
You feel sick.
You are no longer poisoned.
A giant cockroach comes into view.
An ogre comes into view. It is wielding a +0 giant spiked club.
The ogre shouts!
You hear an angry hiss.
You hear a shout!
An adder comes into view.
You feel yourself speed up.
A kobold comes into view. It is wielding a +0 dagger.
An orc priest comes into view. It is wielding a +0 flail.
The orc priest shouts!
You hear a shout! x2
The orc priest casts a cantrip, but nothing happens.
Found 9 gold pieces.
An endoplasm comes into view.
Found a stone staircase leading up.
An orc, an orc priest and an orc wizard come into view.
The orc shouts!
You hear a shout!
An orc comes into view. It is wielding a +0 club.
A dart slug and a hobgoblin come into view.
The hobgoblin shouts!
You hear a shout!
A jelly comes into view.
The orc wizard casts a spell at you. The puff of flame hits you!
You die...

........O.......#
.......##.......# ..
.......##......## ...
.....S.##......# ....
.......##......#####....
.........S..g.g.........
......#..o.####.........
......#....###.......J..
.......+....@.$.....
.B......#....<.....#.
##.^..###......#+#.#
##... #.oo##.. # #...
#... ... #... .... .o.o
.#... ..gJ .#.#w.


You could see a jelly (wandering), an orc priest (wandering), an orc wizard, a
dart slug (wandering), an orc, an endoplasm (asleep) and 2 hobgoblins.

Vanquished Creatures
  An ufetubus (D:5)
1 creature vanquished.

Notes
Turn   | Place    | Note
-------+----------+-------------------------------------------
     0 | D:5      | croobank the Octopode Delver began the quest for the Orb.
     0 | D:5      | Reached XP level 1. HP: 16/16 MP: 1/1
     5 | D:6      | Noticed a necrophage
   141 | D:5      | Noticed an ogre
   201 | D:5      | Noticed a scorpion
   294 | D:4      | Noticed an ogre
   302 | D:4      | Noticed an orc priest
   310 | D:4      | Noticed an orc priest
   310 | D:4      | Noticed an orc wizard
   312 | D:4      | Noticed a jelly
   312 | D:4      | Killed from afar by an orc wizard

Illustrated notes

Levels and vault maps discovered:
D:4:      layout_basic, gammafunk_ghost_nasty_kobolds, uniq_natasha, uniq_edmund
D:5:      layout_loops_ring, nicolae_qazlal_eye_of_the_storm,
          minmay_temple_entry_slanted
D:6:      layout_basic, mainiacjoe_overflow_24_doors, nicolae_uskayaw_suspiria,
          lemuel_crystal_altar, overflow_temple_1_default, chequers_arboretum

Action                   || total
-------------------------++-------
Melee: Hand axe          ||     4
       Constrict         ||     1
  Use: Scroll            ||     2
       Potion            ||     1
Armor: Skin              ||     1
Dodge: Dodged            ||    12
